Map: [ESL] Royal Blood

Players

ShoWTimE

  • Race: Protoss Protoss
  • League: Grandmaster
  • Spawn Location: 7:00

Reynor - Winner!

  • Race: Zerg Zerg
  • League: Master
  • Spawn Location: 1:00

VOD

Have the link to the VOD?

Description

Time

  • Played on: July 2, 2023, 1:42 p.m.
  • Length: 15:52
Show
View Real Time Build Order
Export as new Build Order

ShoWTimE Protoss 

Build Orders: 1 Gate Expand, Oracle Opening 

Get SALT Encoding   

  12  0:00  Probe  
  13  0:12  Probe  
  14  0:18  Pylon  
  14  0:24  Probe  
  15  0:36  Probe (Chrono Boost)  
  15  0:40  Gateway  
  16  0:46  Probe (Chrono Boost)  
  16  0:49  Assimilator  
  17  0:51  Probe (Chrono Boost)  
  18  1:03  Probe  
  19  1:15  Probe  
  20  1:25  Nexus  
  20  1:35  Cybernetics Core  
  20  1:39  Probe  
  21  1:44  Assimilator  
  21  1:51  Probe  
  21  1:53  Pylon  
  22  2:03  Probe  
  23  2:08  Adept (Chrono Boost)  
  23  2:15  Probe  
  26  2:23  Stargate  
  26  2:28  Probe (Chrono Boost)  
  26  2:29  Adept (Chrono Boost)  
  27  2:36  Warp Gate  
  29  2:37  Probe (Chrono Boost)  
  31  2:45  Probe (Chrono Boost)  
  31  2:47  Probe (Chrono Boost)  
  32  2:51  Adept  
  32  2:52  Probe x2 (Chrono Boost)  
  36  2:58  Pylon  
  36  3:03  Probe  
  36  3:04  Probe  
  38  3:07  Oracle (Chrono Boost)  
  41  3:15  Probe  
  41  3:17  Probe  
  43  3:21  Adept  
  44  3:28  Probe  
  44  3:29  Probe  
  46  3:39  Oracle (Chrono Boost)  
  46  3:40  Probe  
  45  3:42  Pylon  
  45  3:45  Probe  
  45  3:47  Pylon  
  47  3:51  Gateway  
  47  3:52  Probe  
  48  3:57  Probe  
  49  4:04  Probe  
  49  4:09  Oracle (Chrono Boost), Probe  
  51  4:15  Nexus  
  54  4:17  Pylon  
  54  4:18  Probe  
  54  4:21  Probe  
  54  4:23  Assimilator  
  56  4:25  Assimilator  
  56  4:29  Adept  
  59  4:31  Probe  
  59  4:33  Probe  
  59  4:38  Oracle (Chrono Boost)  
  60  4:41  Pylon  
  60  4:43  Probe  
  64  4:48  Probe  
  64  4:52  Pylon, Forge  
  65  4:55  Probe  
  65  4:59  Adept  
  68  5:00  Adept, Probe  
  71  5:08  Probe  
  71  5:10  Robotics Facility  
  71  5:12  Probe  
  71  5:13  Gateway  
  73  5:20  Probe  
  74  5:24  Probe  
  74  5:25  Protoss Ground Weapons Level 1 (Chrono Boost)  
  74  5:28  Sentry x2  
  75  5:30  Probe  
  75  5:32  Probe  
  77  5:36  Probe  
  77  5:37  Shield Battery  
  77  5:42  Probe  
  79  5:44  Probe  
  79  5:48  Probe  
  81  5:54  Probe  
  81  5:56  Pylon, Sentry, Probe  
  85  5:57  Immortal (Chrono Boost), Zealot  
  85  5:59  Pylon  
  85  6:00  Probe  
  85  6:04  Robotics Bay, Pylon  
  92  6:06  Assimilator, Probe  
  92  6:08  Probe  
  92  6:10  Assimilator  
  94  6:12  Probe  
  94  6:18  Twilight Council, Probe  
  95  6:20  Photon Cannon, Probe  
  95  6:24  Stalker  
  99  6:28  Observer (Chrono Boost)  
  99  6:31  Zealot x2  
  104  6:33  Gateway  
  104  6:37  Gateway x2  
  106  6:51  Disruptor (Chrono Boost)  
  106  6:53  Pylon, Phoenix, Stalker  
  106  6:54  Phoenix  
  108  6:56  Pylon  
  108  6:57  Nexus  
  108  6:58  Charge  
  108  7:01  Dark Shrine  
  109  7:03  Pylon  
  109  7:06  Zealot x2  
  113  7:08  Probe  
  113  7:11  Probe x2  
  113  7:14  Protoss Ground Weapons Level 2 (Chrono Boost)  
  116  7:18  Photon Cannon  
  116  7:20  Probe, Shield Battery  
  117  7:23  Disruptor  
  117  7:24  Probe  
  117  7:25  Probe  
  117  7:26  Zealot  
  124  7:33  Probe  
  124  7:36  Gateway, Probe  
  127  7:37  Phoenix (Chrono Boost), Probe  
  127  7:38  Gateway  
  129  7:45  Photon Cannon, Probe  
  129  7:49  Photon Cannon, Probe x2  
  132  7:53  Phoenix (Chrono Boost)  
  134  7:59  Disruptor (Chrono Boost)  
  134  8:06  Probe  
  134  8:08  Assimilator  
  134  8:09  Assimilator, Probe x2  
  134  8:10  Probe  
  138  8:14  Dark Templar x3  
  138  8:15  Dark Templar  
  138  8:18  Probe  
  138  8:19  Archon  
  147  8:20  Archon  
  147  8:25  Gateway, Probe  
  147  8:26  Gateway  
  148  8:31  Shield Battery  
  148  8:32  Disruptor (Chrono Boost)  
  149  8:34  Photon Cannon  
  149  8:39  Dark Templar  
  149  8:40  Pylon  
  153  8:42  Pylon, Dark Templar  
  153  8:44  Photon Cannon  
  153  8:45  Archon, Shield Battery  
  155  8:50  Pylon  
  155  8:52  Pylon  
  155  8:53  Gateway  
  155  9:02  Dark Templar x4  
  162  9:06  Archon x2  
  162  9:07  Blink (Chrono Boost)  
  162  9:12  Pylon  
  162  9:14  Pylon, Stalker  
  164  9:19  Probe (Chrono Boost)  
  164  9:20  Probe (Chrono Boost)  
  152  9:27  Probe (Chrono Boost)  
  152  9:28  Probe (Chrono Boost)  
  152  9:30  Probe (Chrono Boost)  
  152  9:31  Probe (Chrono Boost)  
  148  9:33  Pylon  
  148  9:35  Probe x4 (Chrono Boost)  
  152  9:40  Zealot x4  
  152  9:41  Zealot x5  
  170  9:46  Probe  
  170  9:47  Probe x2  
  173  9:54  Protoss Ground Weapons Level 3 (Chrono Boost)  
  173  9:58  Dark Templar x2  
  177  10:01  Pylon  
  169  10:11  Archon  
  169  10:14  Dark Templar x7  
  169  10:18  Archon x3  
  167  10:28  Dark Templar  
  165  10:39  Zealot x3  
  171  10:43  Archon  
  170  10:51  Dark Templar x3  
  170  10:52  Zealot x3, Dark Templar  
  178  10:57  Archon  
  178  10:59  Stalker  
  178  11:00  Probe  
  165  11:10  Dark Templar x4  
  173  11:12  Pylon  
  173  11:14  Archon x2  
  173  11:16  Warp Prism (Chrono Boost)  
  173  11:21  Nexus  
  175  11:27  Zealot x7  
  175  11:32  Pylon  
  160  11:45  Zealot x3  
  160  11:46  Observer, Zealot  
  118  12:05  Immortal (Chrono Boost)  
  118  12:06  Dark Templar x5  
  118  12:07  Zealot, Dark Templar x4  
  128  12:17  Probe x3  
  128  12:22  Photon Cannon  
  131  12:24  Photon Cannon  
  131  12:28  Dark Templar x2  
  127  12:31  Archon x4  
  127  12:32  Archon  
  127  12:33  Probe x3  
  127  12:35  Warp Prism (Chrono Boost), Probe  
  131  12:43  Dark Templar x5  
  143  12:46  Probe  
  143  12:48  Archon x2  
  143  12:49  Pylon, Archon  
  144  12:52  Shield Battery  
  144  12:57  Protoss Shields Level 1 (Chrono Boost)  
  144  12:59  Assimilator x2  
  144  13:05  Immortal (Chrono Boost), Zealot x6  
  158  13:15  Photon Cannon  
  158  13:20  Dark Templar x2  
  158  13:21  Dark Templar x2  
  158  13:24  Archon  
  158  13:25  Archon  
  154  13:34  Zealot x7  
  159  13:41  Observer  
  155  14:02  Immortal  
  149  14:03  Stalker x3  
  149  14:04  Stalker x8  
  155  14:28  Stalker x9  
  148  14:31  Stalker  
  148  14:32  Stalker x7  
  158  14:38  Nexus  
  128  14:56  Stalker x8  
  118  15:07  Immortal (Chrono Boost)  
  122  15:20  Dark Templar x5  
  132  15:24  Archon x2  
  132  15:25  Dark Templar  
Show
View Real Time Build Order
Export as new Build Order

Reynor Zerg - Winner!

Build Orders: Hatch First 

Get SALT Encoding   

  12  0:00  Drone  
  13  0:11  Overlord  
  13  0:16  Drone  
  14  0:30  Drone x2  
  16  0:42  Drone  
  17  0:51  Hatchery  
  17  0:54  Drone  
  17  0:58  Drone  
  17  1:02  Extractor  
  17  1:14  Spawning Pool  
  17  1:17  Drone  
  17  1:19  Drone  
  18  1:27  Drone  
  19  1:38  Drone  
  20  1:49  Overlord  
  20  2:00  Queen  
  22  2:03  Metabolic Boost  
  22  2:06  Queen  
  22  2:07  Drone  
  22  2:08  Zergling x2  
  26  2:12  Zergling x2  
  26  2:14  Zergling x2  
  28  2:21  Drone  
  29  2:24  Drone  
  30  2:32  Drone  
  30  2:35  Zergling x2  
  32  2:40  Hatchery  
  32  2:42  Zergling x2  
  32  2:46  Overlord  
  32  2:53  Drone  
  32  2:56  Drone  
  32  2:57  Queen  
  36  3:04  Overlord  
  36  3:07  Drone  
  36  3:08  Drone  
  36  3:09  Drone  
  36  3:11  Zergling x2  
  40  3:17  Drone x2  
  41  3:20  Drone x2  
  41  3:24  Drone  
  44  3:28  Drone  
  44  3:31  Queen  
  46  3:34  Drone  
  46  3:38  Drone  
  46  3:44  Zergling x4  
  46  3:45  Drone x2  
  51  3:54  Spore Crawler  
  50  3:58  Spore Crawler  
  50  3:59  Spore Crawler  
  50  4:01  Drone  
  50  4:02  Drone x2  
  50  4:03  Queen  
  50  4:05  Drone x2  
  53  4:10  Drone, Spore Crawler  
  53  4:11  Drone  
  53  4:16  Drone x3  
  56  4:24  Overlord  
  56  4:26  Drone  
  57  4:31  Overlord  
  57  4:35  Evolution Chamber  
  57  4:37  Drone  
  57  4:39  Overlord  
  57  4:42  Queen  
  57  4:44  Drone x5  
  65  4:45  Drone  
  65  4:50  Drone x2, Overlord  
  67  4:53  Zergling x6  
  67  4:55  Overlord  
  67  4:57  Drone  
  71  5:01  Zerg Melee Weapons Level 1  
  71  5:02  Drone  
  71  5:03  Drone x2  
  72  5:07  Overlord  
  72  5:11  Lair  
  72  5:14  Drone x4  
  75  5:15  Drone  
  75  5:20  Drone x2  
  75  5:21  Drone x2  
  79  5:22  Drone  
  79  5:23  Drone  
  79  5:25  Overlord  
  81  5:29  Drone  
  81  5:31  Drone  
  81  5:33  Queen  
  85  5:41  Overlord  
  85  5:42  Hatchery  
  84  5:43  Drone x2  
  84  5:44  Drone  
  84  5:47  Drone  
  84  5:48  Drone x3  
  84  5:49  Drone  
  87  5:52  Drone x3  
  87  5:54  Drone  
  87  5:55  Drone  
  89  5:57  Extractor  
  89  5:58  Drone, Extractor  
  89  5:59  Extractor  
  87  6:04  Drone x2, Extractor  
  87  6:05  Extractor  
  87  6:07  Roach Warren  
  87  6:08  Queen  
  87  6:10  Drone x2  
  90  6:13  Zergling x6  
  90  6:14  Zergling x2  
  90  6:18  Zergling x6  
  97  6:19  Overlord  
  97  6:24  Drone  
  97  6:25  Drone  
  99  6:29  Zergling x2  
  99  6:30  Spire  
  99  6:34  Drone x2  
  99  6:39  Overlord  
  100  6:40  Drone x4  
  100  6:41  Drone  
  100  6:42  Drone  
  100  6:44  Queen, Overlord  
  100  6:45  Overseer  
  108  6:49  Drone x3  
  108  6:52  Baneling Nest  
  109  6:58  Zergling x8, Zerg Melee Weapons Level 2  
  109  7:01  Overlord  
  113  7:03  Drone  
  113  7:07  Zergling x4  
  115  7:10  Drone x4  
  115  7:13  Zergling x6  
  115  7:15  Overlord  
  122  7:17  Roach x4  
  122  7:20  Extractor  
  129  7:24  Glial Reconstitution  
  129  7:25  Overlord  
  129  7:26  Roach x3  
  129  7:28  Overlord  
  134  7:34  Drone x3  
  137  7:37  Overlord  
  137  7:40  Roach  
  137  7:41  Roach  
  137  7:42  Centrifugal Hooks  
  141  7:54  Overlord  
  141  7:55  Zerg Flyer Weapons Level 1, Drone x2  
  141  7:58  Drone x2, Hatchery  
  138  8:02  Drone x2  
  138  8:03  Drone x4  
  144  8:05  Extractor  
  144  8:06  Zergling x14  
  144  8:09  Overlord  
  150  8:16  Drone x2  
  150  8:19  Spine Crawler  
  151  8:21  Overlord  
  151  8:22  Zergling x14  
  151  8:24  Overseer  
  158  8:28  Baneling x23  
  158  8:29  Infestation Pit  
  158  8:31  Ravager x5  
  162  8:40  Overlord  
  162  8:41  Zergling x18  
  171  8:42  Baneling x3  
  171  8:43  Baneling  
  171  8:47  Drone x5  
  176  8:50  Zergling x2  
  177  8:58  Zergling x14  
  176  9:06  Hive  
  176  9:07  Roach x3  
  176  9:09  Baneling x12  
  182  9:10  Baneling  
  182  9:14  Zerg Missile Weapons Level 1  
  176  9:22  Zergling x24  
  178  9:26  Zergling x2  
  178  9:27  Zergling x6  
  178  9:29  Zergling x2  
  183  9:31  Ravager  
  183  9:32  Ravager x2  
  183  9:33  Zergling x10  
  183  9:34  Zergling x2  
  183  9:38  Zergling x2  
  193  9:44  Zergling x16  
  188  9:47  Zergling x4  
  188  9:51  Zergling x8  
  184  9:59  Baneling  
  183  10:00  Baneling x27  
  183  10:04  Zergling x18  
  188  10:10  Zergling x10  
  188  10:13  Zergling x2  
  189  10:17  Zergling x4  
  189  10:20  Zergling x2  
  183  10:25  Roach x2  
  183  10:27  Roach x4, Zergling x2  
  186  10:29  Adrenal Glands  
  186  10:32  Viper x2  
  186  10:34  Zergling x6  
  195  10:38  Greater Spire  
  195  10:39  Zergling x6  
  195  10:42  Zergling x4  
  200  10:56  Zergling x20  
  196  10:57  Zergling x2  
  196  10:58  Zergling x10  
  196  11:02  Roach x2  
  183  11:05  Zergling x2  
  183  11:09  Zergling x4  
  183  11:10  Spore Crawler, Spine Crawler x3  
  182  11:12  Zergling x4  
  182  11:15  Zergling x10  
  182  11:17  Baneling x12  
  182  11:18  Baneling x16  
  189  11:19  Zergling x8  
  193  11:28  Roach x3  
  199  11:39  Zergling x16  
  182  11:44  Roach x3, Zergling x4  
  182  11:45  Queen  
  182  11:46  Roach x2, Zergling x4  
  175  11:48  Roach x2  
  175  11:50  Roach x2  
  175  11:51  Zergling x4  
  172  12:00  Roach, Zergling x8  
  170  12:06  Roach x2  
  170  12:07  Roach x2  
  167  12:10  Overseer  
  165  12:16  Overseer x2  
  165  12:17  Corruptor x7  
  165  12:19  Zergling x4  
  165  12:20  Queen  
  165  12:21  Pneumatized Carapace  
  187  12:22  Roach  
  187  12:23  Roach  
  187  12:24  Zergling x4  
  187  12:27  Zergling x4  
  180  12:37  Spine Crawler  
  179  12:52  Brood Lord x6  
  179  12:53  Brood Lord  
  179  12:55  Drone x2, Spine Crawler  
  179  12:57  Zergling x12  
  179  12:58  Spine Crawler  
  199  13:02  Zergling x14  
  198  13:06  Zergling x2  
  199  13:18  Hatchery  
  198  13:33  Zergling x18  
  194  13:46  Zergling x24  
  197  14:00  Zergling x10  
  198  14:13  Zergling x8  
  198  14:19  Roach  
  195  14:25  Roach  
  195  14:26  Roach x2  
  191  14:31  Zergling x20  
  191  14:35  Roach  
  195  14:42  Roach x5  
  195  14:44  Overseer x3  
  195  14:45  Roach x2  
  190  14:48  Roach x2, Zergling x2  
  190  14:50  Queen  
  179  14:53  Roach  
  179  14:54  Roach, Zergling x6  
  179  14:55  Zergling x2  
  179  14:58  Roach  
  184  15:03  Zergling x2  
  184  15:05  Zergling x2  
  184  15:06  Zergling x4, Ravager x8  
  184  15:08  Baneling x26  
  184  15:11  Zergling x2, Hatchery  
  184  15:13  Zergling x2  
  184  15:16  Zergling x4  
  184  15:17  Zergling x6  
  184  15:18  Zergling x2  
  190  15:22  Zergling x8  
  190  15:26  Zergling x4  
  195  15:33  Hatchery  
Tags
 
Add a new tag
Caveats
  • Supply blocks, unpowered buildings, or Contaminate may cause inaccurate times.
  • Supply counts are checked every 10 seconds.